 Dungeon Crawl Stone Soup version 0.19-a0-1922-g1e9a4c1 (webtiles) character file.

105 Jraekied the Vandal (level 4, -1/33 HPs)
             Began as a Demonspawn Hunter on Oct 24, 2016.
             Was a Believer of Lugonu.
             Slain by Sigmund
             ... wielding a +0 scythe
              (5 damage)
             ... on level 3 of the Dungeon.
             The game lasted 00:05:25 (2397 turns).

Jraekied the Vandal (Demonspawn Hunter)             Turns: 2397, Time: 00:05:26

Health: -1/33      AC:  4    Str: 12    XL:     4   Next: 53%
Magic:  4/4        EV: 12    Int: 12    God:    Lugonu [**....]
Gold:   86         SH:  0    Dex: 15    Spells: 0 memorised, 3 levels left

rFire  . . .     SeeInvis .     b - +0 short sword
rCold  . . .     Gourm    .     c - +0 leather armour
rNeg   . . .     Faith    .     (no shield)
rPois  .         Spirit   .     (no helmet)
rElec  .         Reflect  .     p - +0 cloak
rCorr  .         Harm     .     (no gloves)
MR     .....                    (no boots)
Stlth  +.........               (no amulet)
                                (no ring)
                                (no ring)

@: no status effects
A: powered by pain 1
a: Depart the Abyss, Bend Space, Renounce Religion


You were on level 3 of the Dungeon.
You worshipped Lugonu.
Lugonu was pleased with you.
You were hungry.

You visited 1 branch of the dungeon, and saw 3 of its levels.

You collected 86 gold pieces.

Inventory:

Hand Weapons
 a - a +1 hunting sling
 b - a +0 short sword (weapon)
 l - a +1 dagger of draining
Missiles
 d - 26 sling bullets
 h - 63 stones (quivered)
Armour
 c - a +0 leather armour (worn)
 p - a +0 cloak (worn)
Scrolls
 j - a scroll of identify {unknown}
 k - a scroll of teleportation {unknown}
 n - 2 scrolls of remove curse
Potions
 e - a potion of flight
 g - a potion of resistance
Comestibles
 f - a bread ration
 m - 3 fruits
 o - a slice of pizza


   Skills:
 - Level 2.0 Fighting
 + Level 5.1 Slings
 + Level 2.5 Dodging
 - Level 0.8 Stealth


You had 3 spell levels left.
You didn't know any spells.

Dungeon Overview and Level Annotations

Branches:
Dungeon (3/15)

Altars:
Lugonu

Annotations:
D:3 Sigmund


Innate Abilities, Weirdness & Mutations

You sometimes gain a little power by taking damage.


Message History

You are more confused.
You miss something. Something hits you but does no damage.
You barely miss something. You barely miss something. Something hits you.
* * * LOW HITPOINT WARNING * * *
You closely miss something. Something hits you but does no damage.
You swing at nothing.
Something hits you but does no damage.
You swing at nothing.
You feel less confused.
You barely miss something. Something hits you but does no damage.
You hit something but do no damage. Something hits you but does no damage.
You hit something but do no damage.
You feel less woody.
Your +0 cloak unmelds from your body.
Your +0 leather armour unmelds from your body.
Something hits you.
* * * LOW HITPOINT WARNING * * *
You miss something. You barely miss something. Something hits you.
You die...

#.#.#.#.#.#
#.#.# .#
##..(....# #.#
#.#
#.#.....#.#.#
#.
##......+#.#
.....#.#...#
....#.#'...+
.....+#.#...#
.....#{#'...+
.....b.#@#...#
......####...#
..g... #...#
..... #####
..... .%..
....


There were no monsters in sight!

Vanquished Creatures
  4 adders
  An ooze (D:1)
  2 dart slugs
  A leopard gecko (D:2)
  4 orcs
  A ball python (D:2)
  4 giant cockroaches
  6 hobgoblins
  A quokka (D:3)
  7 bats
  3 frilled lizards
  8 goblins
  6 kobolds
  9 rats
57 creatures vanquished.

Notes
Turn   | Place    | Note
-------+----------+-------------------------------------------
     0 | D:1      | Jraekied the Demonspawn Hunter began the quest for the Orb.
     0 | D:1      | Reached XP level 1. HP: 16/16 MP: 1/1
   153 | D:1      | Reached skill level 4 in Slings
   192 | D:1      | Gained mutation: You sometimes gain a little power by taking damage. [demonic ancestry]
   192 | D:1      | Reached XP level 2. HP: 18/22 MP: 2/2
   564 | D:1      | Reached XP level 3. HP: 23/27 MP: 3/3
   701 | D:2      | Found a faded altar of an unknown god.
   768 | D:2      | Became a worshipper of Lugonu the Unformed
   768 | D:2      | Reached * piety under Lugonu
   768 | D:2      | Reached ** piety under Lugonu
  1902 | D:3      | Reached XP level 4. HP: 33/33 MP: 4/4
  1923 | D:3      | Noticed Sigmund
  1954 | D:2      | Reached skill level 5 in Slings
  1972 | D:2      | HP: 2/49 [poisoned by an adder]
  2397 | D:3      | Slain by Sigmund

Vault maps used:
D:1:      tarquinn_simple_flora_water_d, nrook_mini_backslash
D:2:      ecumenical_altar_2
D:3:      uniq_sigmund

Skill      XL: |  1  2  3  4 |
---------------+-------------+-----
Slings         | 4 5 |  5.1
Dodging        | 2 |  2.5
Fighting       | |  2.0
Stealth        | |  0.8

Action                   |  1- 3 |  4- 6 || total
-------------------------+-------+-------++-------
Melee: Short sword       |    82 |    42 ||   124
 Fire: Hunting sling     |    49 |    43 ||    92
  Use: Potion            |       |     4 ||     4
       Scroll            |       |     1 ||     1
 Stab: Sleeping          |     3 |       ||     3
  Eat: Chunk             |     2 |     2 ||     4
Armor: Leather armour    |    24 |    22 ||    46
       Skin              |       |    25 ||    25
Dodge: Dodged            |    68 |    42 ||   110
